 Dungeon Crawl Stone Soup version 0.31-a0-986-g5e6e4ef867 (webtiles) character file.

Game seed: 15196451771405556425

4846 croobank the Trooper (level 10, -6/79 HPs)
             Began as a Mummy Monk on Nov 6, 2023.
             Was a High Priest of Sif Muna.
             Mangled by Joseph
             ... wielding a +0 quarterstaff
              (16 damage)
             ... on level 7 of the Dungeon.
             The game lasted 00:26:47 (9035 turns).

croobank the Trooper (Mummy Monk)                   Turns: 9035, Time: 00:26:48

Health: -6/79      AC:  8    Str: 15    XL:     10   Next: 25%
Magic:  8/17       EV: 14    Int: 14    God:    Sif Muna [*****.]
Gold:   501        SH:  0    Dex: 17    Spells: 14/19 levels left

rFire   x . .        a - +6 hammer "Earthworm" {vamp, Dex+3 SInv}
rCold   + + .        (no shield)
rNeg    + + +        l - +3 leather armour
rPois   ∞            (no helmet)
rElec   .            v - +1 cloak {rCorr}
rCorr   +            (no gloves)
SInv    +            (no boots)
Will    +....        (no amulet)
Stlth   +            n - ring of protection from cold
HPRegen 0.33/turn    x - ring of wizardry
MPRegen 0.15/turn

%: faith, wizardry (x1)
@: confusing by touch
A: cold resistance 1, negative energy resistance 3, torment resistance 2, heat
vulnerability 1, in touch with death 1, no potions, faith
a: Renounce Religion, Channel Magic, Forget Spell, Divine Exegesis


You were on level 7 of the Dungeon.
You worshipped Sif Muna.
Sif Muna was extremely pleased with you.
You visited 1 branch of the dungeon, and saw 9 of its levels.
You also visited: Sewer and Bailey.

You collected 501 gold pieces.

Inventory:

Hand Weapons
 a - the +6 hammer "Earthworm" (weapon) {vamp, Dex+3 SInv}
   (You found it on level 2 of the Dungeon)

   Dex+3:     It affects your dexterity (+3).
   SInv:      It lets you see invisible.
 b - a +6 arbalest
 g - a +0 hand axe
 i - a +4 short sword
 m - a +0 whip of electrocution
 q - a +0 shortbow
 s - a +2 heavy dire flail
 B - a +0 war axe
 D - a +0 quarterstaff
 H - a +0 long sword
Missiles
 k - 8 poisoned darts
 w - 5 atropa-tipped darts
 A - 23 boomerangs (quivered)
 C - 7 curare-tipped darts
 F - 4 datura-tipped darts
Armour
 c - an orb of light
 l - a +3 leather armour (worn)
 t - a +0 ring mail
 v - a +1 cloak of preservation (worn)
Jewellery
 n - a ring of protection from cold (left hand)
 x - a ring of wizardry (right hand)
 y - a ring of flight
 z - a ring of wizardry
Wands
 d - a wand of roots (3)
 o - a wand of polymorph (7)
Scrolls
 e - a scroll of identify
 f - 8 scrolls of teleportation
 h - a scroll of noise
 j - a scroll of immolation
 p - a scroll of fog
 r - 2 scrolls of revelation
 E - a scroll of silence
 G - a scroll of amnesia


   Skills:
 + Level 7.0 Fighting
 - Level 2.9 Short Blades
 - Level 5.0 Maces & Flails
 - Level 5.0 Armour
 + Level 5.7 Dodging
 + Level 5.0 Spellcasting
 + Level 3.8 Hexes
 * Level 4.8 Invocations


You had 14 spell levels left.
You knew the following spells:

 Your Spells              Type           Power      Damage    Failure   Level
a - Confusing Touch       Hex            14%        N/A       5%          3
b - Jinxbite              Hex            28%        N/A       2%          2

Your spell library contained the following spells:

 Spells                   Type           Power      Damage    Failure   Level
 Slow                     Hex            56%        N/A       1%          1
 Sigil of Binding         Hex            14%        N/A       5%          3
 Ensorcelled Hibernation  Hex/Ice        16%        N/A       6%          2
 Shock                    Conj/Air       12%        1d3       9%          1
 Cigotuvi's Dreadful Rot  Necr/Pois/Air  10%        N/A       12%         2
 Ignite Poison            Fire/Tmut/Pois 3%         N/A       24%         3
 Swiftness                Air            3%         N/A       24%         3
 Vampiric Draining        Necr           5%         2d6       24%         3
 Airstrike                Air            1%         2d(1-17)  58%         4
 Freezing Cloud           Conj/Ice/Air   1%         6-21      89%         5
 Discord                  Hex            7%         N/A       100%        8
 Borgnjor's Revivificati  Necr           Unusable   N/A       N/A         8

Dungeon Overview and Level Annotations

Branches:
Dungeon (9/15)             Temple (0/1) D:5           Sewer (visited)
 Bailey (visited)
   Lair: D:8-11         Orc: D:9-12

Altars:
Cheibriados
Dithmenos
Sif Muna
Trog
Uskayaw
Wu Jian
Xom

Shops:
D:2 (

Annotations:
D:2 1 runed translucent door, Crazy Yiuf
D:3 3 runed translucent doors, Scrimshaw's ghost, amateur GnHW
D:7 1 runed translucent door, Joseph; Scrimshaw's ghost, novice OpSh


Innate Abilities, Weirdness & Mutations

You are immune to poison.
Your flesh is cold resistant. (rC+)
You are immune to negative energy. (rN+++)
You are immune to unholy pain and torment.
You are vulnerable to heat. (rF-)
You are in touch with the powers of death.
You do not drink.
You have a special connection with the divine. (Faith)


Message History

You miscast Confusing Touch.
You are very lightly contaminated with residual magic.
Nothing appears to happen.
Joseph hits you with a +0 quarterstaff.
You hit Joseph but do no damage. Joseph hits you with a +0 quarterstaff!
You hit Joseph.
You feel better.
Joseph is lightly wounded.
Joseph hits you with a +0 quarterstaff!
You sock Joseph!
Joseph is lightly wounded.
Joseph hits you with a +0 quarterstaff!
* * * LOW HITPOINT WARNING * * *
Casting: Confusing Touch (dangerous; 5% risk of failure)
Confirm with . or Enter, or press ? or * to list all spells.
Your hands begin to glow red.
Joseph closely misses you.
You hit Joseph but do no damage.
Joseph appears confused.
Joseph is lightly wounded.
Casting: Confusing Touch (dangerous; 5% risk of failure)
Confirm with . or Enter, or press ? or * to list all spells.
You don't know that spell.
Joseph hits you with a +0 quarterstaff.
* * * LOW HITPOINT WARNING * * *
You hit Joseph.
You feel better.
Joseph is moderately wounded.
Your magical contamination has completely faded away.
You can't drink.
The air fills with toxic fumes!
As you read the scroll of poison, it crumbles to dust.
Joseph hits himself with a +0 quarterstaff!
Aiming: Fastroot
Press: ? - help, Shift-Dir - straight line The roots erupt in riotous growth!
Roots grab Joseph.
The grasping roots constrict Joseph.
Joseph seems less confused.
Joseph hits you with a +0 quarterstaff.
* * * LOW HITPOINT WARNING * * *
Casting: Confusing Touch (dangerous; 5% risk of failure)
Confirm with . or Enter, or press ? or * to list all spells.
Your hands begin to glow red.
The grasping roots constrict Joseph!
The roots release their grip on Joseph.
Joseph hits you with a +0 quarterstaff!
You die...

.#....#..#.............#
.#....#..#.............#
.#....#..#.............#
.#....#..#............§#
.##..##.##...........§§#
.##..##.####+#######§###
.........§§§§§§§§§§§§§#
.#..,,,,.§§§§§§@§§§§§§#
.....,,,.§§§§§§§@§§§§§#
.####**+##§§####§###§§#
..#,,**,**,,####§###..#
.##,,,*,,,,,#..§§§....#
...,,,*,,,,,#..§§§....#
.#.,,,*,,,,,#.§§§§§...#
..#,,,*,,,,,#.§§§§§...#
..#,,,*,,,,,#§§§§§§§..#
###,,****,,*##..###...#


You could see Joseph.

Vanquished Creatures
  Pikel (D:4)
  An orc knight (Bailey)
  A troll (D:7)
  Prince Ribbit (D:6)
  Sigmund (D:4)
  Menkaure (D:4)
  Edmund (D:5)
  A water moccasin (D:7)
  3 orc warriors (Bailey)
  A black bear (D:7)
  2 ice beasts
  Pargi (Sewer)
  A sky beast (D:6)
  2 ogres (D:5)
  3 centaurs
  A lemure (D:4)
  3 phantoms
  4 kobold brigands (Bailey)
  2 bullfrogs
  A gnoll sergeant (D:3)
  3 scorpions
  5 killer bees (D:4)
  2 howler monkeys
  3 hounds
  3 orc priests
  A jelly (D:6)
  A sleepcap (D:5)
  Jessica (D:3)
  Ijyb (D:4)
  Terence (D:3)
  4 orc wizards
  3 iguanas
  8 gnolls
  8 adders
  A shadow imp (D:6)
  3 white imps
  2 worms (D:3)
  16 orcs
  8 bats
  3 endoplasms
  4 giant cockroaches
  8 goblins
  10 hobgoblins
  8 jackals (D:2)
  16 kobolds
  4 quokkas
  10 ball pythons
  5 frilled lizards
  4 rats
178 creatures vanquished.

Notes
Turn   | Place    | Note
-------+----------+-------------------------------------------
     0 | D:1      | croobank the Mummy Monk began the quest for the Orb.
     0 | D:1      | Reached XP level 1. HP: 18/18 MP: 1/1
     6 | D:1      | Noticed a rime drake
     6 | D:1      | Noticed a salamander
     6 | D:1      | Noticed a scorpion
     7 | D:1      | Noticed a polar bear
     7 | D:1      | Noticed a lindwurm
   430 | D:1      | Reached XP level 2. HP: 24/24 MP: 2/2
   980 | D:2      | Found Wum Nuix's Weapon Boutique.
  1206 | D:2      | Reached XP level 3. HP: 17/29 MP: 3/3
  1503 | D:2      | Identified the +6 hammer "Earthworm" {vamp, Dex+3 SInv}
  1507 | D:2      | Found a runed translucent door.
  1508 | D:2      | Noticed Crazy Yiuf
  1816 | D:2      | Reached skill level 1 in Maces & Flails
  1816 | D:2      | Reached XP level 4. HP: 30/37 MP: 4/4
  2016 | D:3      | Found a runed translucent gate.
  2016 | D:3      | Found a runed translucent gate.
  2016 | D:3      | Found a runed translucent gate.
  2045 | D:3      | Noticed Scrimshaw's ghost (amateur GnHW)
  2057 | D:3      | Found a shadowy altar of Dithmenos.
  2067 | D:3      | Reached skill level 4 in Fighting
  2103 | D:3      | Noticed Terence
  2115 | D:3      | Killed Terence
  2116 | D:3      | Reached XP level 5. HP: 39/42 MP: 5/5
  2396 | D:3      | Found a faded altar of an unknown god.
  2417 | D:3      | Noticed Jessica
  2442 | D:3      | Killed Jessica
  2571 | D:3      | Found a faded altar of an unknown god.
  2574 | D:3      | Found a shimmering blue altar of Sif Muna.
  2578 | D:3      | Prayed at the altar of an unknown god.
  2578 | D:3      | Became a worshipper of Sif Muna the Loreminder
  2578 | D:3      | Reached * piety under Sif Muna
  2578 | D:3      | Reached ** piety under Sif Muna
  2662 | D:3      | Found a bloodstained altar of Trog.
  2836 | D:3      | Reached XP level 6. HP: 41/49 MP: 6/6
  3143 | D:3      | Reached *** piety under Sif Muna
  3144 | D:3      | Reached skill level 1 in Armour
  3325 | D:4      | Identified the "Ypso"
  3355 | D:4      | Found a glowing drain.
  3377 | Sewer    | Entered a sewer
  3416 | Sewer    | Noticed Pargi
  3429 | Sewer    | Killed Pargi
  3501 | D:4      | Noticed Sigmund
  3513 | D:4      | Killed Sigmund
  3514 | D:4      | Reached XP level 7. HP: 42/55 MP: 7/7
  3705 | D:4      | Noticed Pikel
  3738 | D:4      | Killed Pikel
  3739 | D:4      | Reached skill level 5 in Fighting
  3739 | D:4      | Reached XP level 8. HP: 35/62 MP: 8/8
  3893 | D:4      | Found an ornate altar of the Wu Jian Council.
  3911 | D:4      | Found a hide-covered altar of Uskayaw.
  3927 | D:4      | Learned a level 3 spell: Confusing Touch
  3981 | D:4      | Noticed Ijyb
  3982 | D:4      | Noticed Menkaure
  3990 | D:4      | Killed Ijyb
  3995 | D:4      | Killed Menkaure
  4038 | D:4      | Reached skill level 1 in Spellcasting
  4186 | D:4      | Reached skill level 1 in Hexes
  4200 | D:4      | Reached **** piety under Sif Muna
  4201 | D:4      | Reached skill level 5 in Maces & Flails
  4774 | D:5      | Entered Level 5 of the Dungeon
  4812 | D:5      | Found a staircase to the Ecumenical Temple.
  4837 | D:5      | Noticed Edmund
  4855 | D:5      | Killed Edmund
  4942 | D:5      | Reached XP level 9. HP: 59/69 MP: 12/12
  5176 | D:5      | Reached skill level 1 in Invocations
  5415 | D:5      | Reached skill level 6 in Fighting
  6517 | D:6      | Reached skill level 5 in Dodging
  6627 | D:6      | Learned a level 2 spell: Jinxbite
  6666 | D:6      | Reached skill level 5 in Armour
  6849 | D:6      | Noticed Prince Ribbit
  6883 | D:6      | Killed Prince Ribbit
  7065 | D:6      | You fall into a shaft and drop 3 floors!
  7154 | D:7      | Found a snail-covered altar of Cheibriados.
  7253 | D:7      | Found a flagged portal.
  7289 | Bailey   | Entered a bailey
  7343 | Bailey   | Reached ***** piety under Sif Muna
  7615 | Bailey   | Noticed an orc knight
  7637 | Bailey   | Killed an orc knight
  7644 | Bailey   | Reached XP level 10. HP: 44/77 MP: 11/16
  7775 | Bailey   | Found a bloodstained altar of Trog.
  8635 | D:7      | Reached skill level 7 in Fighting
  8678 | D:7      | Reached skill level 5 in Spellcasting
  8863 | D:7      | Found a runed translucent door.
  8864 | D:7      | Found a shimmering altar of Xom.
  8864 | D:7      | Noticed Scrimshaw's ghost (novice OpSh)
  8865 | D:7      | Noticed a +2 flail of chaos
  9010 | D:7      | Noticed Joseph
  9035 | D:7      | Mangled by Joseph

Illustrated notes

Levels and vault maps discovered:
D:1:      onia_arrival_zoo_common, layout_basic
D:2:      layout_loops_ring, serial_shops, nicolae_shop_waterfront,
          uniq_crazy_yiuf_cottage
D:3:      layout_basic, amcnicky_altar_gilded, nicolae_dithmenos_shadow_blocks,
          nicolae_overflow_ecumenical_swirl,
          mainiacjoe_overflow_small_starburst,
          shapermc_ecumenical_altar_flowoftime, gammafunk_ghost_necromancy,
          uniq_terence, uniq_jessica
D:4:      layout_loops_ring, nicolae_overflow_squiral,
          mainiacjoe_sewer_entry_somewhere_in_here_1, uniq_sigmund, uniq_pikel,
          uniq_ijyb, uniq_menkaure
D:5:      layout_basic, minmay_temple_entry_arrows, uniq_edmund
D:6:      layout_basic, uniq_prince_ribbit1
D:7:      layout_gridville, lemuel_doored_altar, enter_bailey_4,
          ebering_ghost_xom, st_stairs_4, uniq_joseph, uniq_duvessa
D:8:      layout_loops_ring
D:9:      layout_cave_pools, nicolae_gozag_seed_capital,
          ebering_ghost_inner_flame, nicolae_stop_n_shop_2, minivault_23,
          nicolae_shop_clearance, uniq_erolcha

Skill      XL: |  1  2  3  4  5  6  7  8  9 10 |
---------------+-------------------------------+-----
Maces & Flails | 1 2 3 4 5 |  5.0
Dodging        | 3 4 5 |  5.7
Fighting       | 4 5 6 7 |  7.0
Armour         | 2 3 4 5 |  5.0
Spellcasting   | 2 4 5 |  5.0
Hexes          | 1 3 |  3.8
Invocations    | 4 |  4.8
Short Blades   | |  2.9

Action                     |  1- 3 |  4- 6 |  7- 9 | 10-12 || total
---------------------------+-------+-------+-------+-------++-------
  Melee: Short sword       |   118 |       |       |       ||   118
         Mace              |    18 |   132 |   282 |   108 ||   540
         Punch             |       |       |       |     1 ||     1
   Fire: Arbalest          |       |       |     3 |     2 ||     5
  Throw: Dart              |       |     6 |     1 |       ||     7
         Boomerang         |       |       |    29 |       ||    29
   Cast: Confusing Touch   |       |       |     4 |    19 ||    23
  Evoke: Wand              |       |       |     1 |     1 ||     2
    Use: Scroll            |       |     6 |     6 |     4 ||    16
   Stab: Confused          |       |       |       |     5 ||     5
 Armour: Robe              |    60 |    55 |       |       ||   115
         Leather armour    |       |    67 |   177 |   106 ||   350
  Dodge: Dodged            |    85 |   132 |   232 |   123 ||   572

Table legend: (Time is in decaauts)
 A = Elapsed time spent in this place.
 B = Non-inter-level travel time spent in this place.
 C = Inter-level travel time spent in this place.
 D = Time resting spent in this place.
 E = Time spent auto-exploring this place.
 F = Levels seen in this place.
 G = Mean time per level.
                   A        B        C        D        E       F      G
               +--------+--------+--------+--------+--------+-----+--------+
         Total |   9169 |   8855 |    314 |   1580 |   5227 |  11 |  833.5 |
       Dungeon |   8500 |   8186 |    314 |   1298 |   5172 |   9 |  944.4 |
         Sewer |     95 |     95 |      0 |      0 |     14 |   1 |   95.0 |
        Bailey |    573 |    573 |      0 |    282 |     40 |   1 |  573.0 |
               +--------+--------+--------+--------+--------+-----+--------+

Top non-repeatable levels by time:
     D:5: 1586 daAuts
     D:4: 1393 daAuts
     D:2: 1243 daAuts
     D:3: 1133 daAuts
     D:7: 1059 daAuts
     D:6: 1027 daAuts
     D:1: 971 daAuts
  Bailey: 573 daAuts
   Sewer: 95 daAuts
     D:8: 74 daAuts
     D:9: 11 daAuts
